 Dungeon Crawl Stone Soup version 0.27-a0-1312-g5cdb2b3542 (webtiles) character file.

Game seed: 8565852576449947522

27726 night the Peltast (level 13, 0/86 HPs)
             Began as a Grey Draconian Ice Elementalist on June 18, 2021.
             Was an Initiate of Gozag.
             Slain by an elephant (9 damage)
             ... on level 3 of the Lair of Beasts on June 20, 2021.
             The game lasted 00:40:01 (17328 turns).

night the Peltast (DrIE)                           Turns: 17328, Time: 00:40:02

Health: 0/86       AC: 14    Str: 10    XL:     13   Next: 5%
Magic:  20/22      EV: 12    Int: 21    God:    Gozag
Gold:   1721       SH: 15    Dex: 12    Spells: 13/24 levels left

rFire    . . .     SeeInvis .     - Unarmed
rCold    + + .     Faith    .   w - +2 kite shield
rNeg     . . .     Spirit   .   (armour unavailable)
rPois    .         Reflect  .   (helmet restricted)
rElec    .         Harm     .   (no cloak)
rCorr    .         Rampage  .   G - +0 pair of gloves
Will     .....     Rnd*Rage +   (no boots)
Stlth    ++........             (no amulet)
HPRegen  0.24/turn              b - ring of protection from cold
MPRegen  0.18/turn              q - ring of protection from cold

@: mighty, brilliant, gold aura, on berserk cooldown, slowed, very slow
A: AC +13, amphibious, unfitting armour, cold-blooded, berserk 1, frail 1,
mutation resistance 1
a: Renounce Religion, Potion Petition, Call Merchant, Bribe Branch


You were on level 3 of the Lair of Beasts.
You worshipped Gozag.
Gozag was most pleased with you.
You visited 3 branches of the dungeon, and saw 15 of its levels.

You collected 3521 gold pieces.
You spent 216 gold pieces at shops.
You paid 1584 gold pieces to Gozag.

Inventory:

Hand Weapons
 a - a +5 dagger of venom
 n - a +0 spectral long sword
Missiles
 f - 12 poisoned darts (quivered)
 g - 7 silver javelins
 i - 419 stones
 j - 78 bolts
 l - 57 sling bullets
 m - a throwing net
 u - 166 arrows
 y - 2 silver boomerangs
 E - 12 boomerangs
 L - 3 curare-tipped darts
Armour
 w - a +2 kite shield (worn)
 G - a +0 pair of gloves (worn)
Magical Staves
 k - a staff of cold
Jewellery
 b - a ring of protection from cold (left hand)
 q - a ring of protection from cold (right hand)
 H - a ring of poison resistance
 K - a ring of see invisible
Wands
 o - a wand of acid (9)
 v - a wand of paralysis (5)
 z - a wand of iceblast (11)
 F - a wand of flame (30)
 M - a wand of mindburst (10)
Scrolls
 d - a scroll of silence
 x - 2 scrolls of magic mapping
 C - 3 scrolls of enchant weapon
 D - 3 scrolls of teleportation
 N - 2 scrolls of vulnerability
 O - a scroll of blinking
 P - a scroll of brand weapon
Potions
 c - 3 potions of cancellation
 e - 8 potions of curing
 h - 3 potions of haste
 p - 3 potions of heal wounds
 r - 3 potions of flight
 s - 4 potions of might
 t - 2 potions of berserk rage
 B - 2 potions of brilliance
 I - a potion of attraction {unknown}


   Skills:
 - Level 4.1 Fighting
 - Level 1.7 Dodging
 - Level 1.7 Stealth
 - Level 15.0 Shields
 + Level 12.1 Unarmed Combat
 - Level 6.4 Spellcasting
 - Level 7.8 Ice Magic


You had 13 spell levels left.
You knew the following spells:

 Your Spells              Type           Power      Damage    Failure   Level
a - Freeze                Ice            100%       1d11      1%          1
b - Frozen Ramparts       Ice            100%       1d12      1%          3
c - Ozocubu's Armour      Ice            56%        N/A       1%          3
d - Summon Ice Beast      Ice/Summ       34%        N/A       19%         4

Your spell library contained the following spells:

 Spells                   Type           Power      Damage    Failure   Level
 Animate Skeleton         Necr           20%        N/A       10%         1
 Apportation              Tloc           20%        N/A       10%         1
 Corona                   Hex            11%        N/A       10%         1
 Summon Small Mammal      Summ           40%        N/A       10%         1
 Call Imp                 Summ           10%        N/A       14%         2
 Hailstorm                Conj/Ice       34%        3d9       19%         4
 Call Canine Familiar     Summ           10%        N/A       28%         3
 Summon Guardian Golem    Hex/Summ       10%        N/A       28%         3
 Metabolic Englaciation   Hex/Ice        17%        N/A       45%         5
 Animate Dead             Necr           5%         N/A       67%         4
 Summon Lightning Spire   Summ/Air       10%        N/A       67%         4
 Borgnjor's Vile Clutch   Necr/Erth      5%         N/A       95%         5
 Simulacrum               Ice/Necr       17%        N/A       96%         6
 Death Channel            Necr           5%         N/A       100%        6


Dungeon Overview and Level Annotations

Branches:
Dungeon (10/15)            Temple (1/1) D:4            Lair (4/6) D:9
  Swamp: Lair:2-4    Shoals: Lair:2-4     Snake: Lair:2-4    Spider: Lair:2-4
    Orc: D:9-12

Altars:
Ashenzari
Cheibriados
Dithmenos
Elyvilon
Fedhas
Gozag
Hepliaklqana
Kikubaaqudgha
Makhleb
Nemelex Xobeh
Okawaru
Qazlal
Ru
Sif Muna
Trog
Uskayaw
Vehumet
Wu Jian
Xom
Yredelemnul
Zin
The Shining One

Shops:
D:7 (   D:10 :!


Innate Abilities, Weirdness & Mutations

Your dull iron-grey scales are very hard. (AC +13)
You are amphibious.
You cannot fit into any form of body armour.
You are cold-blooded and may be slowed by cold attacks.
You tend to lose your temper in combat.
You are frail. (-10% HP)
You are somewhat resistant to further mutation.


Message History

[c] - 546 gold - heal wounds, curing, berserk rage, might and brilliance Purchase which effect?
You feel much better.
You feel better.
You're still recovering from your berserk rage.
You feel very mighty all of a sudden.
You feel clever all of a sudden.
You block the elephant's attack. x2; The catoblepas gores you!
Aiming: Corrosive Bolt
Press: ? - help, Shift-Dir - straight line, f - Snorg
Aim: Snorg (severely wounded, berserk, 71% to hit)
The bolt of acid hits the catoblepas but does no damage.
The bolt of acid hits Snorg!
Snorg is splashed with acid.
Snorg is almost dead.
Snorg is no longer berserk.
You block the elephant's attack.
The elephant trunk-slaps you but does no damage.
You block the catoblepas's attack. The elephant tramples you!
You hold your ground!
The elephant trunk-slaps you but does no damage.
Aiming: Corrosive Bolt
Press: ? - help, Shift-Dir - straight line, f/p - Snorg
Aim: Snorg (almost dead, slow, 71% to hit)
The bolt of acid hits the catoblepas.
The catoblepas is splashed with acid!
The acid corrodes the catoblepas!
The catoblepas is lightly wounded.
The bolt of acid hits Snorg!
Snorg is splashed with acid.
The acid corrodes Snorg!
You kill Snorg!
You block the catoblepas's attack. You block the elephant's attack.
The elephant trunk-slaps you but does no damage.
The catoblepas gores you but does no damage.
Your Unarmed Combat skill increases to level 12!
You hit the catoblepas.
The catoblepas is lightly wounded.
The elephant tramples you but does no damage.
You block the elephant's attack. The catoblepas gores you!!
* * * LOW HITPOINT WARNING * * *
Your icy armour will break if you move.
Continue?
Your icy armour cracks and falls away as you move.
The elephant tramples you!
You die...
Your body crumbles into a pile of gold.

####P#P..###P###.# ##
#.................
###.###...##.##P#...###
#.......##########..# #
#..##.#### #..## #
#....##..P# ##..##
..[.......# #P.#.##
##...###.## ##..... #..
#@.# ###..# #. #Y## .#
#..# # #YY# ...###..#
$$.# .....##.# .....
#.......# ##...#.
......... #...#.#
......... #.... #
#..###..# ..... .# ####


You could see a catoblepas (corroded) and 2 elephants.

Vanquished Creatures
  Snorg (Lair:3)
  4 hydras
  2 two-headed ogres
  Sonja (Lair:1)
  2 ugly things
  A manticore (D:7)
  11 elephants
  A gargoyle (D:10)
  9 cane toads
  Maggie (D:9)
  2 rime drakes (Lair:4)
  5 komodo dragons
  A troll (D:9)
  A polar bear (Lair:4)
  16 blink frogs
  11 yaks
  2 basilisks
  2 steam dragons (D:9)
  An acid dragon (D:9)
  12 water moccasins
  2 orc warriors
  2 sky beasts
  3 ogres
  A black bear (D:6)
  16 wolves
  A phantom (D:5)
  3 centaurs
  Blork the orc (D:5)
  7 bullfrogs
  4 scorpions
  A wyvern zombie (D:9)
  8 killer bees (D:9)
  13 wights
  2 electric eels (Lair:1)
  A howler monkey (D:9)
  A centaur zombie (D:7)
  A bullfrog zombie (D:7)
  2 hounds
  3 gnoll shamans
  5 orc priests
  2 centaur skeletons
  2 iguanas
  5 orc wizards
  5 hell rats (Lair:2)
  2 killer bee zombies
  A howler monkey skeleton (D:6)
  A howler monkey zombie (D:8)
  9 gnolls
  3 adders
  2 white imps (D:7)
  2 ufetubi
  3 worms
  4 dart slugs
  28 orcs
  3 bats
  13 endoplasms
  3 giant cockroaches
  3 goblins
  7 hobgoblins
  6 jackals (D:3)
  2 quokkas
  7 ball pythons
  2 frilled lizards
  4 kobolds
  3 rats
  A spectral orc (D:4)
286 creatures vanquished.

Vanquished Creatures (collateral kills)
  An ugly thing (D:10)
  2 cane toads
  2 blink frogs (Lair:2)
5 creatures vanquished.

Vanquished Creatures (others)
  An orc (D:9)
  A bush (Lair:3)
  5 fungi
  47 plants
54 creatures vanquished.

Grand Total: 345 creatures vanquished

Notes
Turn   | Place    | Note
-------+----------+-------------------------------------------
     0 | D:1      | night the Draconian Ice Elementalist began the quest for
                  | the Orb.
     0 | D:1      | Reached XP level 1. HP: 14/14 MP: 3/3
   265 | D:1      | Reached XP level 2. HP: 20/20 MP: 5/5
  1376 | D:2      | Reached XP level 3. HP: 18/26 MP: 7/7
  1380 | D:2      | Learned a level 3 spell: Frozen Ramparts
  1384 | D:2      | Learned a level 3 spell: Ozocubu's Armour
  1816 | D:3      | Noticed a scorpion
  1821 | D:3      | Killed a scorpion
  1822 | D:3      | Reached skill level 5 in Ice Magic
  1822 | D:3      | Reached XP level 4. HP: 33/33 MP: 9/9
  1839 | D:3      | Found a faded altar of an unknown god.
  2046 | D:3      | Found a shimmering altar of Xom.
  2047 | D:3      | Found a shimmering altar of Xom.
  2047 | D:3      | Found a shimmering altar of Xom.
  2152 | D:3      | Found an ornate altar of the Wu Jian Council.
  2368 | D:3      | Reached XP level 5. HP: 38/38 MP: 8/10
  3580 | D:4      | Found a basalt altar of Yredelemnul.
  3715 | D:4      | Found a staircase to the Ecumenical Temple.
  3860 | Temple   | Entered the Ecumenical Temple
  4124 | Temple   | Became a worshipper of Gozag Ym Sagoz the Greedy
  4159 | D:5      | Entered Level 5 of the Dungeon
  4167 | D:5      | Noticed an ogre
  4182 | D:5      | Killed an ogre
  4183 | D:5      | Reached XP level 6. HP: 29/45 MP: 3/12
  4349 | D:5      | Noticed a sky beast
  4370 | D:5      | Killed a sky beast
  4599 | D:5      | Found a hide-covered altar of Uskayaw.
  4635 | D:5      | Reached skill level 5 in Spellcasting
  4763 | D:5      | Noticed a yak
  4767 | D:5      | Noticed a yak
  4772 | D:5      | Killed a yak
  4772 | D:5      | Noticed a yak
  4773 | D:5      | Your scales start taking on a dull iron-grey colour.
  4773 | D:5      | Reached XP level 7. HP: 50/50 MP: 5/15
  4778 | D:5      | Killed a yak
  4779 | D:5      | Killed a yak
  4854 | D:5      | Identified a scroll of acquirement
  4854 | D:5      | Acquired 1070 gold pieces
  4960 | D:5      | Noticed Blork the orc
  4971 | D:5      | Killed Blork the orc
  5055 | D:5      | Learned a level 4 spell: Summon Ice Beast
  5116 | D:5      | Reached XP level 8. HP: 37/57 MP: 17/17
  5326 | D:5      | Reached skill level 1 in Shields
  5574 | D:5      | Reached skill level 1 in Fighting
  5575 | D:5      | Reached skill level 1 in Unarmed Combat
  5618 | D:6      | Reached skill level 2 in Shields
  5731 | D:6      | Reached skill level 2 in Fighting
  5731 | D:6      | Reached skill level 2 in Unarmed Combat
  5913 | D:6      | Reached skill level 3 in Shields
  6083 | D:6      | Found a snail-covered altar of Cheibriados.
  6113 | D:6      | Found a burning altar of Makhleb.
  7002 | D:7      | Reached skill level 4 in Shields
  7002 | D:7      | Reached XP level 9. HP: 60/71 MP: 8/18
  7067 | D:7      | Found Ruofop's Weapon Emporium.
  7458 | D:7      | Reached skill level 5 in Shields
  7831 | D:7      | Noticed a cyan ugly thing
  7841 | D:7      | Killed a cyan ugly thing
  7842 | D:7      | Reached skill level 6 in Shields
  7842 | D:7      | Reached skill level 5 in Unarmed Combat
  7870 | D:7      | Noticed a manticore
  7883 | D:7      | Killed a manticore
  7884 | D:7      | Reached skill level 7 in Shields
  8877 | D:7      | Reached skill level 8 in Shields
  8877 | D:7      | Reached XP level 10. HP: 64/74 MP: 15/19
  9204 | D:8      | Found a white marble altar of Elyvilon.
  9587 | D:8      | Found a shadowy altar of Dithmenos.
 10055 | D:9      | Noticed Maggie
 10065 | D:9      | Killed Maggie
 10070 | D:9      | Reached skill level 9 in Shields
 10084 | D:9      | Noticed a two-headed ogre
 10240 | D:8      | Killed a two-headed ogre
 10780 | D:9      | Found a staircase to the Lair.
 10849 | D:9      | Found a radiant altar of Vehumet.
 11095 | D:9      | Reached skill level 10 in Shields
 11190 | D:9      | Noticed a two-headed ogre
 11190 | D:9      | Noticed a white ugly thing
 11203 | D:9      | Killed a two-headed ogre
 11235 | D:9      | Killed a white ugly thing
 11775 | D:10     | Entered Level 10 of the Dungeon
 11868 | D:10     | Noticed a green ugly thing
 11883 | D:10     | Killed a green ugly thing
 11884 | D:10     | Reached XP level 11. HP: 33/84 MP: 7/20
 12266 | D:10     | Found an iron altar of Okawaru.
 12390 | D:10     | Reached skill level 11 in Shields
 12697 | D:10     | Found a glowing golden altar of the Shining One.
 12703 | D:10     | Found Soorch's Distillery.
 12746 | D:10     | Bought a potion of heal wounds for 60 gold pieces
 12752 | D:10     | Bought a potion of berserk rage for 60 gold pieces
 12752 | D:10     | Gained mutation: You are robust. (+10% HP) [potion of
                  | mutation]
 12752 | D:10     | Gained mutation: You do not regenerate when monsters are
                  | visible. [potion of mutation]
 12752 | D:10     | Gained mutation: Your magical capacity is low. (-10% MP)
                  | [potion of mutation]
 12752 | D:10     | Gained mutation: You are strong-willed. (Will+) [potion of
                  | mutation]
 12753 | D:10     | Bought a potion of mutation for 96 gold pieces
 12753 | D:10     | Lost mutation: Your magical capacity is low. (-10% MP)
                  | [potion of mutation]
 12753 | D:10     | Lost mutation: You do not regenerate when monsters are
                  | visible. [potion of mutation]
 12753 | D:10     | Gained mutation: You tend to lose your temper in combat.
                  | [potion of mutation]
 12853 | D:10     | Found a sparkling altar of Nemelex Xobeh.
 13022 | Lair:1   | Entered Level 1 of the Lair of Beasts
 13469 | Lair:1   | Reached skill level 12 in Shields
 13813 | Lair:1   | Noticed Sonja
 13824 | Lair:1   | Killed Sonja
 14181 | Lair:1   | Noticed a seven-headed hydra
 14229 | Lair:1   | Killed a seven-headed hydra
 14230 | Lair:1   | Reached skill level 13 in Shields
 14727 | Lair:1   | Upgraded the game from 0.27-a0-1308-gc08437e49b to
                  | 0.27-a0-1312-g5cdb2b3542
 14755 | Lair:2   | Reached XP level 12. HP: 94/100 MP: 5/21
 14759 | Lair:2   | Reached skill level 10 in Unarmed Combat
 15208 | Lair:2   | Noticed a seven-headed hydra
 15238 | Lair:2   | Killed a seven-headed hydra
 15436 | Lair:2   | Noticed a six-headed hydra
 15456 | Lair:2   | Killed a six-headed hydra
 15459 | Lair:2   | Noticed a seven-headed hydra
 15471 | Lair:2   | Killed a seven-headed hydra
 15472 | Lair:2   | Reached skill level 14 in Shields
 16179 | Lair:2   | Lost mutation: You are robust. (+10% HP) [potion of
                  | mutation]
 16179 | Lair:2   | Lost mutation: You are strong-willed. (Will+) [potion of
                  | mutation]
 16179 | Lair:2   | Gained mutation: You are frail. (-10% HP) [potion of
                  | mutation]
 16179 | Lair:2   | Gained mutation: You are somewhat resistant to further
                  | mutation. [potion of mutation]
 16297 | Lair:2   | Found the +8 autumn katana {vorpal, Clar}
 16431 | Lair:3   | Noticed a catoblepas
 16482 | Lair:4   | HP: 6/81 [cane toad (10)]
 16533 | Lair:4   | Reached skill level 15 in Shields
 17295 | Lair:3   | Noticed Snorg
 17306 | Lair:3   | Reached XP level 13. HP: 86/86 MP: 16/22
 17322 | Lair:3   | HP: 3/86 [Snorg (15)]
 17326 | Lair:3   | Killed Snorg
 17327 | Lair:3   | Reached skill level 12 in Unarmed Combat
 17327 | Lair:3   | HP: 9/86 [catoblepas (24)]
 17328 | Lair:3   | Slain by an elephant

Illustrated notes

Levels and vault maps discovered:
D:1:      dpeg_arrival_court, layout_basic, minivault_4
D:2:      layout_basic, minmay_misc_feat_plants, minmay_misc_feat_alley
D:3:      wad_crossroads, layout_loops_ring, pdpol_wu_jian_five_deadly_venoms,
          xom_redecorated, basic_ecumenical_altar
D:4:      layout_basic, yredelemnul_forgotten_temple_becter,
          minmay_temple_entry_poolview, corexii_corridor_pit,
          nrook_loot_triangle, mrwooster_statue_mirror, st_stairs_6,
          kennysheep_generic_room_12
D:5:      layout_gridville, overflow_temple_1_default, uniq_blork_the_orc
D:6:      layout_cave_pods, kennysheep_slug_shrine,
          nicolae_overflow_hidden_temple
D:7:      nzn_winding_woodlands_cross [nzn_winding_woodlands_5x15_garden,
          nzn_winding_woodlands_5x15_longhouse,
          nzn_winding_woodlands_5x15_sawtooth,
          nzn_winding_woodlands_5x15_concentric,
          nzn_winding_woodlands_15x15_boxy_spiral], layout_loops_ring,
          serial_shops, shop
D:8:      layout_cave_pools, kennysheep_mini_moat, kennysheep_mini
D:9:      layout_loops_ring, kennysheep_little_box, grunt_ministairs_13,
          uniq_maggie
D:10:     layout_rooms, lemuel_crystal_altar, okawaru_trees_1,
          nemelex_altar_shiori, serial_shops, nicolae_lakefront_shop
Temple:   dpeg_chambers_temple
Lair:1:   layout_layer_cave, serial_bayou, serial_bayou_pond_d,
          serial_bayou_crossing, serial_bayou_pond_e, serial_bayou_pond_b,
          serial_bayou_ford_a, uniq_sonja
Lair:2:   layout_regular_city, minmay_lindwurm_lava
Lair:3:   layout_loops_ring, elwin_shoals_entry_rooms,
          kennysheep_catoblepas_arena, grunt_megastairs_5,
          minmay_lair_oklob_chamber, uniq_snorg
Lair:4:   layout_gridlike

Skill      XL: |  1  2  3  4  5  6  7  8  9 10 11 12 13 |
---------------+----------------------------------------+-----
Spellcasting   | 3 4 5 6 |  6.4
Ice Magic      | 5 6 7 |  7.8
Shields        | 4 8 10 13 15 | 15.0
Fighting       | 4 |  4.1
Unarmed Combat | 3 6 8 9 11 12 | 12.1
Dodging        | |  1.7
Stealth        | |  1.7

Action                   |  1- 3 |  4- 6 |  7- 9 | 10-12 | 13-15 || total
-------------------------+-------+-------+-------+-------+-------++-------
Melee: Dagger            |    51 |    90 |   213 |       |       ||   354
       Unarmed           |     7 |       |    34 |   442 |    17 ||   500
       Tailslap          |     6 |    10 |    40 |    50 |       ||   106
       Long sword        |       |       |     6 |       |       ||     6
Throw: Stone             |       |     2 |     1 |       |       ||     3
       Dart              |       |       |     2 |    19 |       ||    21
       Boomerang         |       |       |       |     8 |       ||     8
 Cast: Freeze            |     5 |     7 |    21 |    80 |       ||   113
       Frozen Ramparts   |     1 |    13 |    15 |    60 |       ||    89
       Ozocubu's Armour  |     1 |     6 |    11 |    38 |       ||    56
       Summon Ice Beast  |       |       |       |    10 |       ||    10
Invok: Potion Petition   |       |       |       |     1 |     2 ||     3
       Call Merchant     |       |       |       |     1 |       ||     1
Evoke: Wand              |       |       |       |     7 |     2 ||     9
  Use: Scroll            |     2 |     7 |     1 |    10 |       ||    20
       Potion            |       |     1 |       |     7 |       ||     8
 Stab: Sleeping          |     6 |     4 |     1 |     3 |       ||    14
       Distracted        |       |       |       |     3 |       ||     3
       Invisible         |       |       |       |     2 |       ||     2
Armor: Skin              |    10 |    29 |   166 |   184 |    22 ||   411
Dodge: Dodged            |    21 |    41 |   116 |   177 |    19 ||   374
Block: Kite shield       |       |       |   184 |   366 |    34 ||   584
       Rpst.: Long sword |       |       |     1 |       |       ||     1

Table legend: (Time is in decaauts)
 A = Elapsed time spent in this place.
 B = Non-inter-level travel time spent in this place.
 C = Inter-level travel time spent in this place.
 D = Time resting spent in this place.
 E = Time spent auto-exploring this place.
 F = Levels seen in this place.
 G = Mean time per level.
                   A        B        C        D        E       F      G
               +--------+--------+--------+--------+--------+-----+--------+
         Total |  17349 |  16913 |    436 |   3798 |  10289 |  15 | 1156.6 |
       Dungeon |  12804 |  12431 |    373 |   2533 |   7932 |  10 | 1280.4 |
        Temple |    272 |    240 |     32 |      0 |    239 |   1 |  272.0 |
          Lair |   4272 |   4243 |     29 |   1265 |   2118 |   4 | 1068.0 |
               +--------+--------+--------+--------+--------+-----+--------+

Top non-repeatable levels by time:
     D:7: 1968 daAuts
  Lair:1: 1719 daAuts
  Lair:2: 1665 daAuts
     D:9: 1595 daAuts
     D:5: 1440 daAuts
     D:6: 1425 daAuts
     D:8: 1412 daAuts
     D:3: 1160 daAuts
     D:4: 1119 daAuts
    D:10: 1075 daAuts
     D:1: 809 daAuts
     D:2: 795 daAuts
  Lair:4: 614 daAuts
  Lair:3: 273 daAuts
  Temple: 272 daAuts
